 Dungeon Crawl Stone Soup version 0.18.1-48-g4cf74bf (webtiles) character file.

906 Krapule the Grave Robber (level 7, -2/61 HPs)
             Began as a Deep Dwarf Necromancer on July 6, 2016.
             Slain by an ogre
             ... wielding a +0 giant club
              (22 damage)
             ... on level 6 of the Dungeon on July 9, 2016.
             The game lasted 00:34:58 (4526 turns).

Krapule the Grave Robber (Deep Dwarf Necromancer)   Turns: 4526, Time: 00:34:59

Health: -2/61      AC:  5    Str: 14    XL:     7   Next: 81%
Magic:  12/12      EV: 12    Int: 15    God:
Gold:   538        SH:  0    Dex: 13    Spells: 2 memorised, 8 levels left

rFire  . . .     SeeInvis .     w - +0 hand axe (pain)
rCold  . . .     Gourm    .     y - +0 ring mail
rNeg   . . .     Faith    .     (no shield)
rPois  .         Spirit   .     (no helmet)
rElec  .         Dismiss  .     (no cloak)
rCorr  .         Reflect  .     (no gloves)
SustAt .         Harm     .     (no boots)
MR     +....                    (no amulet)
Stlth  ++........               (no ring)
                                (no ring)

@: non-regenerating, somewhat resistant to hostile enchantments, unstealthy
A: damage resistance, recharge devices, sense surroundings 1, slow regeneration
3
a: Device Recharging


You were on level 6 of the Dungeon.
You were near starving.

You visited 1 branch of the dungeon, and saw 6 of its levels.
You also visited: Sewer and Ossuary.

You collected 538 gold pieces.

Inventory:

Hand Weapons
 w - a +0 hand axe of pain (weapon)
Armour
 a - a +1 robe
 y - a +0 ring mail (worn)
Jewellery
 j - an uncursed amulet of the gourmand
 v - an uncursed amulet of faith {unknown}
Wands
 c - a wand of heal wounds (3/9)
 p - a wand of random effects (28/48)
 s - a wand of slowing (5/48)
Scrolls
 e - a scroll of teleportation
 k - a scroll of fog
 m - a scroll of enchant armour
 n - a scroll of remove curse
 o - 2 scrolls of fear
 r - a scroll of identify
 z - 2 scrolls of amnesia
 A - a scroll of enchant weapon {unknown}
Potions
 g - 3 potions of flight
 h - 7 potions of curing
 i - 3 potions of heal wounds
 l - 2 potions of berserk rage
 q - 2 potions of might
 t - a potion of magic
 x - 2 potions of resistance {unknown}
 B - a potion of invisibility
 C - a potion of lignification {unknown}
Books
 b - a book of Necromancy

   Spells                             Type                      Level
   a - Pain                           Necromancy                   1
   b - Animate Skeleton               Necromancy                   1
   c - Vampiric Draining              Necromancy                   3
   d - Regeneration                   Charms/Necromancy            3
   e - Animate Dead                   Necromancy                   4
   f - Control Undead                 Necromancy                   4
 u - a book of Geomancy

   Spells                             Type                      Level
   a - Sandblast                      Earth                        1
   b - Passwall                       Transmutation/Earth          2
   c - Stone Arrow                    Conjuration/Earth            3
   d - Petrify                        Transmutation/Earth          4
   e - Lee's Rapid Deconstruction     Earth                        5
Comestibles
 d - 3 bread rations
 f - a slice of pizza


   Skills:
 + Level 2.5 Fighting
 + Level 1.2 Axes
 + Level 3.6 Armour
 + Level 4.4 Dodging
 + Level 3.4 Stealth
 + Level 3.4 Spellcasting
 + Level 5.8 Necromancy
 + Level 4.2 Evocations


You had 8 spell levels left.
You knew the following spells:

 Your Spells              Type           Power        Failure   Level  Hunger
a - Pain                  Necr           ###.         3%          1    None
z - Vampiric Draining     Necr           ###.......   12%         3    ###....


Dungeon Overview and Level Annotations

Branches:
Dungeon (6/15)
 Temple: D:4-7

Altars:
Nemelex Xobeh
Xom

Annotations:
D:4 Menkaure
D:5 TBriggs11TB's ghost, novice MfBe


Innate Abilities, Weirdness & Mutations

You are resistant to damage.
You can recharge devices by infusing magical energy.
You passively map a small area around you.
You do not regenerate naturally.


Message History

You found a teleport trap!
There is a stone staircase leading up here.
You hit the ogre.
The ogre writhes in agony.
The ogre is moderately wounded.
The ogre hits you with a giant club!
Your ring mail prevents you from hitting the ogre.
The ogre is moderately wounded.
The ogre barely misses you.
You hit the ogre but do no damage.
The ogre writhes in agony.
The ogre is moderately wounded.
The ogre barely misses you.
You barely miss the ogre.
The ogre is moderately wounded.
The ogre hits you with a giant club!
You hit the ogre.
The ogre writhes in agony.
The ogre is heavily wounded.
You closely miss the ogre.
The ogre is heavily wounded.
The ogre hits you with a giant club!!
You die...

, ,,, * , * * ###o. ,
###...... * *
#######...###. *
#.............. ,
#....#@O........#., *
,
,....................#
,
#..........>........#
####.###............#
#., ##^.........## #
##....#...## * *
####..####, * * * #.#
* *


You could see an ogre.

Vanquished Creatures
  An ogre (D:5)
  4 big kobolds (Sewer)
  Blork the orc (D:5)
  A hound (D:4)
  2 orc wizards (D:4)
  A worker ant (D:4)
  8 mummies (Ossuary)
  12 adders
  A river rat (Sewer)
  3 oozes
  4 worms
  3 dart slugs
  8 giant geckos
  10 orcs
  2 ball pythons
  8 bats
  2 giant cockroaches
  7 goblins
  7 hobgoblins
  11 jackals
  10 kobolds
  3 quokkas
  4 giant newts
  2 gnoll zombies (Ossuary)
  3 kobold zombies (Ossuary)
  3 orc zombies (Ossuary)
  A quokka skeleton (D:5)
  A quokka zombie (D:5)
  10 rats
  A butterfly (D:2)
134 creatures vanquished.

Notes
Turn   | Place    | Note
--------------------------------------------------------------
     0 | D:1      | Krapule the Deep Dwarf Necromancer began the quest for the Orb.
     0 | D:1      | Reached XP level 1. HP: 15/15 MP: 3/3
   163 | D:1      | Reached XP level 2. HP: 16/22 MP: 4/4
   256 | D:1      | HP: 1/22 [dart slug/slug dart (1)]
   320 | D:1      | Reached skill level 1 in Evocations
   416 | D:1      | Reached skill level 1 in Armour
   432 | D:1      | Reached XP level 3. HP: 20/28 MP: 5/5
   542 | D:1      | Learned a level 3 spell: Vampiric Draining
   796 | D:2      | Found a shimmering altar of Xom.
   980 | D:2      | Reached XP level 4. HP: 35/37 MP: 0/7
  1584 | D:3      | Found a sparkling altar of Nemelex Xobeh.
  1643 | D:3      | Found a faded altar to an unknown god.
  1724 | D:3      | Reached XP level 5. HP: 25/43 MP: 3/8
  1969 | D:3      | Noticed an orc warrior
  2166 | D:4      | Reached skill level 1 in Fighting
  2194 | D:4      | Reached skill level 5 in Necromancy
  2204 | D:4      | Reached XP level 6. HP: 15/51 MP: 2/9
  2284 | D:4      | Noticed Menkaure
  2299 | D:4      | Found a glowing drain.
  2305 | Sewer    | Entered a sewer
  2795 | Sewer    | Reached XP level 7. HP: 33/60 MP: 2/11
  3221 | D:5      | Entered Level 5 of the Dungeon
  3301 | D:5      | Found a sand-covered staircase.
  3306 | Ossuary  | Entered an ossuary
  4049 | D:5      | Reached skill level 1 in Axes
  4057 | D:5      | Noticed Blork the orc
  4116 | D:5      | Noticed TBriggs11TB's ghost (novice MfBe)
  4268 | D:5      | Killed Blork the orc
  4526 | D:6      | Slain by an ogre

Skill      XL: |  1  2  3  4  5  6  7 |
---------------+----------------------+-----
Evocations     | 1 2 3 4 |  4.2
Armour         | 1 2 3 |  3.6
Spellcasting   | 2 3 |  3.4
Stealth        | 3 |  3.4
Dodging        | 3 4 |  4.4
Fighting       | 1 2 |  2.5
Necromancy     | 5 |  5.8
Axes           | 1 |  1.2

Action                   |  1- 3 |  4- 6 |  7- 9 || total
-------------------------+-------+-------+-------++-------
Melee: Dagger            |   104 |       |       ||   104
       Unarmed           |     5 |       |       ||     5
       Long sword        |    14 |   178 |    22 ||   214
       Hand axe          |       |       |   117 ||   117
 Cast: Pain              |    18 |     2 |     2 ||    22
       Vampiric Draining |     7 |    38 |    17 ||    62
Evoke: Wand              |     1 |     3 |     7 ||    11
  Use: Scroll            |       |     6 |    11 ||    17
       Potion            |       |       |     6 ||     6
 Stab: Sleeping          |     2 |     3 |     1 ||     6
  Eat: Chunk             |     8 |    10 |     4 ||    22
       Pizza             |       |       |     1 ||     1
       Beef jerky        |       |       |     1 ||     1
Armor: Robe              |    17 |    34 |     7 ||    58
       Ring mail         |       |       |     1 ||     1
Dodge: Dodged            |    90 |   195 |    66 ||   351
